 Dungeon Crawl Stone Soup version 0.27.1 (webtiles) character file.

Game seed: 16710939727029314302

4 ZARRMARR the Insei (level 1, -1/13 HPs)
             Began as an Octopode Transmuter on Sept 5, 2021.
             Slain by a hobgoblin (3 damage)
             ... on level 1 of the Dungeon.
             The game lasted 00:00:36 (40 turns).

ZARRMARR the Insei (Octopode Transmuter)              Turns: 40, Time: 00:00:36

Health: -1/13      AC:  1    Str:  9    XL:     1   Next: 70%
Magic:  3/3        EV: 13    Int: 15    God:
Gold:   0          SH:  0    Dex: 12    Spells: 3/4 levels left

rFire    . . .     SeeInvis .     - Unarmed
rCold    . . .     Faith    .   (no shield)
rNeg     . . .     Spirit   .   (helmet restricted)
rPois    .         Reflect  .   (no amulet)
rElec    .         Harm     .   (no ring)
rCorr    .         Rampage  .   (no ring)
Will     .....                  (no ring)
Stlth    ++........             (no ring)
HPRegen  0.04/turn              (no ring)
MPRegen  0.08/turn              (no ring)
                                (no ring)
                                (no ring)

@: no status effects
A: almost no armour, amphibious, 8 rings, camouflage 1, gelatinous body 1,
(nimble swimmer 1), tentacles
a: no special abilities


You were on level 1 of the Dungeon.
You visited 1 branch of the dungeon, and saw 1 of its levels.

You aren't carrying anything.


   Skills:
 - Level 1.0 Fighting
 - Level 2.0 Dodging
 - Level 3.0 Unarmed Combat
 + Level 2.1 Spellcasting
 + Level 2.1 Transmutations
 + Level 0.5 Earth Magic


You had 3 spell levels left.
You knew the following spells:

 Your Spells              Type           Power      Damage    Failure   Level
a - Beastly Appendage     Tmut           16%        N/A       9%          1

Your spell library contained the following spells:

 Spells                   Type           Power      Damage    Failure   Level
 Wereblood                Tmut           8%         N/A       14%         2
 Spider Form              Tmut/Pois      2%         N/A       38%         3
 Ice Form                 Ice/Tmut       4%         N/A       80%         4


Dungeon Overview and Level Annotations

Branches:
Dungeon (1/15)

Altars:


Innate Abilities, Weirdness & Mutations

You cannot wear most types of armour.
You are amphibious.
You can wear up to eight rings at the same time.
Your skin changes colour to match your surroundings (Stealth+).
Your rubbery body absorbs attacks. (AC +1, EV +1)
((You are camouflaged near water. (Stealth+)))
You have tentacles for arms and can constrict up to eight enemies at once.


Message History

You tentacle-slap the giant cockroach. You grab the giant cockroach.
The giant cockroach is moderately wounded.
You constrict the giant cockroach, but do no damage.
The giant cockroach closely misses you.
You barely miss the giant cockroach.
The giant cockroach is moderately wounded.
You constrict the giant cockroach. The giant cockroach bites you.
You tentacle-slap the giant cockroach. You squeeze the giant cockroach.
You kill the giant cockroach!
The ball python hisses angrily.
You hear a shout!
The ball python barely misses you. The ball python closely misses you.
A hobgoblin comes into view.
You barely miss the ball python. Your grab misses the ball python.
Your tentacle spike disappears.
A goblin comes into view. It is wielding a +0 dagger.
The ball python completely misses you. The ball python grabs you.
The ball python constricts you.
The goblin shouts!
You tentacle-slap the ball python.
You kill the ball python!
An endoplasm comes into view.
The goblin closely misses you.
You barely miss the goblin. You grab the goblin. You constrict the goblin.
The goblin misses you. The hobgoblin closely misses you.
You barely miss the goblin.
The goblin is moderately wounded.
You constrict the goblin. The goblin barely misses you. The hobgoblin hits you.
You tentacle-slap the goblin.
You kill the goblin!
The hobgoblin barely misses you.
You barely miss the endoplasm. The endoplasm freezes you.
You are frozen.
* * * LOW HITPOINT WARNING * * *
You tentacle-slap the endoplasm. You squeeze the endoplasm.
You kill the endoplasm!
The hobgoblin hits you.
* * * LOW HITPOINT WARNING * * *
The hobgoblin hits you.
You die...

# .###
###... ####
.#..# ....
... #..###.#
#..#@g#
#...## ##..#
#####.#
#####
#.....#
.....
#.#####
####..###..#
...........#
...........#


You could see a hobgoblin.

Vanquished Creatures
  An endoplasm (D:1)
  A giant cockroach (D:1)
  A goblin (D:1)
  A ball python (D:1)
4 creatures vanquished.

Notes
Turn   | Place    | Note
-------+----------+-------------------------------------------
     0 | D:1      | ZARRMARR the Octopode Transmuter began the quest for the
                  | Orb.
     0 | D:1      | Reached XP level 1. HP: 13/13 MP: 3/3
    40 | D:1      | Slain by a hobgoblin

Illustrated notes

Levels and vault maps discovered:
D:1:      lemuel_arrival_lava_pool, layout_loops_ring,
          ebering_ecumenical_altar_rust, nrook_campfire, kennysheep_nondescript,
          minmay_pentomino_x2

Action                   || total
-------------------------++-------
Melee: Unarmed           ||    10
       Constrict         ||     2
       Tentacles         ||     2
 Cast: Beastly Appendage ||     1
Dodge: Dodged            ||     9
